 Dungeon Crawl Stone Soup version 0.23-a0-208-gb6b040f31c (webtiles) character file.

89 PikkenKukken the Covered (level 4, -4/29 HPs)
             Began as a Gargoyle Fighter on Sept 25, 2018.
             Killed by divine providence
             ... invoked by an orc priest
              (14 damage)
             ... on level 3 of the Dungeon.
             The game lasted 00:03:11 (2067 turns).

PikkenKukken the Covered (Gargoyle Fighter)         Turns: 2067, Time: 00:03:12

Health: -4/29      AC: 15    Str: 20    XL:     4   Next: 55%
Magic:  4/4        EV:  5    Int:  9    God:
Gold:   120        SH:  9    Dex:  9    Spells: 3/3 levels left

rFire    . . .     SeeInvis .   a - +0 flail
rCold    . . .     Gourm    .   c - +0 shield
rNeg     + . .     Faith    .   g - +0 chain mail
rPois    ∞         Spirit   .   h - +0 helmet
rElec    +         Reflect  .   (no cloak)
rCorr    .         Harm     .   i - +0 pair of gloves
MR       .....                  (no boots)
Stlth    ..........             (no amulet)
HPRegen  0.09/turn              (no ring)
MPRegen  0.09/turn              (no ring)

@: no status effects
A: negative energy resistance 1, electricity resistance, unbreathing,
petrification resistance, rot immunity, AC +3
a: no special abilities


You were on level 3 of the Dungeon.
You were not hungry.

You visited 1 branch of the dungeon, and saw 3 of its levels.

You collected 120 gold pieces.

Inventory:

Hand Weapons
 a - a +0 flail (weapon)
Armour
 b - a +0 scale mail
 c - a +0 shield (worn)
 g - a +0 chain mail (worn)
 h - a +0 helmet (worn)
 i - a +0 pair of gloves (worn)
Potions
 d - a potion of might
 e - a potion of brilliance {unknown}
 j - a potion of haste
 k - a potion of degeneration {unknown}
 l - 2 potions of curing
Comestibles
 f - 4 rations
 m - 2 chunks of flesh


   Skills:
 + Level 3.8 Fighting
 * Level 3.0 Maces & Flails
 + Level 3.9 Armour
 + Level 1.0 Dodging
 + Level 3.7 Shields


You had 3 spell levels left.
You didn't know any spells.
Your spell library was empty.

Dungeon Overview and Level Annotations

Branches:
Dungeon (3/15)

Altars:

Annotations:
D:3 1 transporter


Innate Abilities, Weirdness & Mutations

You are resistant to torment.
Your stone body is resilient. (AC +3)
You are immune to poison.
You resist negative energy. (rN+)
You are resistant to electric shocks. (rElec)
You can survive without breathing.
You are immune to petrification.
You are immune to rotting.


Message History

You hit the orc priest.
The orc priest is heavily wounded.
You block the orc's attack. The orc priest barely misses you.
You block the orc's attack.
You hit the orc priest but do no damage.
The orc priest is heavily wounded.
The orc priest calls down the wrath of Beogh upon you.
Beogh smites you! You block the orc's attack. The orc priest hits you.
You hear a shout!
You are too injured to fight recklessly!
You are too injured to fight recklessly!
You are too injured to fight recklessly!
You are too injured to fight recklessly!
You are too injured to fight recklessly!
The orc priest mumbles some strange prayers to Beogh against you.
You barely resist.
You see here 16 bolts.
The orc priest calls down the wrath of Beogh upon you.
Beogh smites you!
You die...

***,,,*** #.#**,..#.....,,,
*,,,*** #.#*,...#.....,,,
**,** #.##..#.#8....,,, *,*
###.....#.##r...,,,
*,****######.....###..#####***
*,,,,,........#####)).....o,,,
*****,........#..o.w#*,,,,,,,,
**##...#..(o#####*,,,,,,,,
#..,#.@### **,,,,,,, *#.,,#.)#
**,,,,,,, #.,,*#.<# *,,,,,,,,
*#,,,*#..# *,,,,,,,,
**,,,**#..# *,,,,,,,, **,,,**
#..# *,,,,,,,, *,,,** #..#
*,,,,,,,, **,,,* #.##
**,,,,,,, *,,,** #.# **,,,,,,


You could see an orc priest and an orc.

Vanquished Creatures
  A bullfrog skeleton (D:3)
  An adder (D:2)
  An ooze (D:1)
  A dart slug (D:1)
  A leopard gecko (D:1)
  3 orcs (D:3)
  A ball python (D:1)
  3 giant cockroaches
  6 goblins
  6 hobgoblins
  2 jackals (D:1)
  6 kobolds
  5 bats
  A frilled lizard (D:1)
  4 rats
42 creatures vanquished.

Notes
Turn   | Place    | Note
-------+----------+-------------------------------------------
     0 | D:1      | PikkenKukken the Gargoyle Fighter began the quest for the
                  | Orb.
     0 | D:1      | Reached XP level 1. HP: 14/14 MP: 1/1
    65 | D:1      | Reached XP level 2. HP: 19/19 MP: 2/2
   480 | D:1      | Reached XP level 3. HP: 23/23 MP: 3/3
  1876 | D:3      | Found a transporter.
  1880 | D:3      | Reached XP level 4. HP: 29/29 MP: 4/4
  1953 | D:3      | Reached skill level 1 in Dodging
  2067 | D:3      | Killed from afar by an orc priest

Vault maps used:
D:1:      mrwooster_arrival_statue, columned_hall_lemuel,
          corexii_leaking_fountain
D:3:      kennysheep_ying_yang, gammafunk_temple_overflow_arena,
          lemuel_doored_altar, serial_curves, eino_curves_03, eino_curves_02,
          uniq_robin

Skill      XL: |  1  2  3  4 |
---------------+-------------+-----
Maces & Flails | 3 |  3.0
Dodging        | 1 |  1.0
Fighting       | |  3.8
Armour         | |  3.9
Shields        | |  3.7

Action                   |  1- 3 |  4- 6 || total
-------------------------+-------+-------++-------
Melee: Flail             |   178 |    40 ||   218
  Use: Scroll            |     5 |     1 ||     6
  Eat: Chunk             |     3 |     1 ||     4
Armor: Scale mail        |    87 |       ||    87
       Chain mail        |     2 |    24 ||    26
Dodge: Dodged            |    62 |    12 ||    74
Block: Shield            |    82 |    33 ||   115

Table legend:
 A = Non-vault XP
 B = Vault XP
 C = Vault XP percentage of total XP
 D = Non-vault monster count
 E = Vault monster count
 F = Vault count percentage of total count
                 A         B        C        D         E       F
            +---------+---------+-------+---------+---------+-------
      Total |     128 |       0 |   0.0 |      42 |       0 |   0.0
            +---------+---------+-------+---------+---------+-------
        D:1 |      53 |       0 |   0.0 |      28 |       0 |   0.0
        D:2 |      26 |       0 |   0.0 |       8 |       0 |   0.0
        D:3 |      49 |       0 |   0.0 |       6 |       0 |   0.0
            +---------+---------+-------+---------+---------+-------
